 Dungeon Crawl Stone Soup version 0.30-a0-1059-g7dea3e163d (webtiles) character file.

Game seed: 11737886933309271939

71 CryoSword the Caller (level 4, 0/25 HPs)
             Began as a Kobold Summoner on Apr 12, 2023.
             Constricted to death by Ijyb (4 damage)
             ... on level 3 of the Dungeon.
             The game lasted 00:04:01 (2792 turns).

CryoSword the Caller (Kobold Summoner)              Turns: 2792, Time: 00:04:02

Health: 0/25       AC:  4    Str:  5    XL:     4   Next: 47%
Magic:  7/7        EV: 12    Int: 18    God:
Gold:   34         SH:  0    Dex: 15    Spells: 1/7 levels left

rFire   . . .      SeeInvis .    f - +0 dagger
rCold   + . .      Faith    .    (no shield)
rNeg    . . .      Spirit   .    a - +0 robe
rPois   .          Reflect  .    (no helmet)
rElec   .          Rampage  .    (no cloak)
rCorr   .                        c - +1 pair of gloves
Will    .....                    (no boots)
Stlth   +++                      (no amulet)
HPRegen 0.24/turn                j - ring of protection from cold
MPRegen 0.10/turn                (no ring)

@: grasped by roots, constricted
A: small, no large weapons, nightstalker 3
a: no special abilities


You were on level 3 of the Dungeon.
You visited 1 branch of the dungeon, and saw 3 of its levels.

You collected 104 gold pieces.
You spent 70 gold pieces at shops.

Inventory:

Hand Weapons
 f - a +0 dagger (weapon)
   (You took it off a kobold on level 1 of the Dungeon)
Missiles
 p - 3 poisoned darts
Armour
 a - a +0 robe (worn)
 c - a +1 pair of gloves (worn)
   (You found it on level 1 of the Dungeon)
Jewellery
 j - a ring of protection from cold (left hand)
   (You found it on level 1 of the Dungeon)
Scrolls
 d - 2 scrolls of teleportation {unknown}
 e - 3 scrolls of identify {unknown}
 h - a scroll of blinking {unknown}
 i - 2 scrolls of amnesia {unknown}
 k - a scroll of summoning {unknown}
 m - 2 scrolls of enchant weapon {unknown}
Potions
 b - 3 potions of magic
 g - a potion of degeneration {unknown}
 l - a potion of berserk rage {unknown}
 n - a potion of heal wounds {@q2}
 o - a potion of brilliance {unknown}
 q - 2 potions of curing {unknown}
 r - a potion of haste {unknown}
 s - a potion of resistance {unknown}
 t - a potion of invisibility {unknown}


   Skills:
 + Level 1.4 Fighting
 * Level 2.6 Short Blades
 + Level 3.0 Dodging
 + Level 3.5 Stealth
 - Level 2.1 Spellcasting
 + Level 4.3 Summonings


You had one spell level left.
You knew the following spells:

 Your Spells              Type           Power      Damage    Failure   Level
a - Summon Small Mammal   Summ           68%        N/A       3%          1
b - Call Imp              Summ           34%        N/A       4%          2
c - Call Canine Familiar  Summ           17%        N/A       9%          3

Your spell library contained the following spells:

 Spells                   Type           Power      Damage    Failure   Level
 Summon Guardian Golem    Hex/Summ       9%         N/A       22%         3
 Summon Lightning Spire   Summ/Air       9%         N/A       58%         4


Dungeon Overview and Level Annotations

Branches:
Dungeon (3/15)

Altars:
Nemelex Xobeh
Ru

Shops:
D:2 !

Annotations:
D:3 Ijyb


Innate Abilities, Weirdness & Mutations

You are small and have problems with some larger weapons.
You are completely attuned to the shadows.


Message History

You open the door.
Found 2 dark potions.
There is an open door here.
q - 2 dark potions
i - 2 scrolls labelled AMULOA UTALLIQ (gained 1)
r - a fizzy pink potion A ball python comes into view.
A ball python is nearby!
A ball python is nearby!
No reachable target in view!
A tiny devil pulls itself out of the air.
No reachable target in view!
No reachable target in view!
Unknown command.
Your cerulean imp hits the ball python from afar with a -2 spear!
The ball python dies!
Your cerulean imp disappears in a puff of smoke!
Could not explore, unopened door.
Could not explore, unopened door.
You open the door.
There is an open door here. 2 rats come into view.
There are monsters nearby!
There are monsters nearby!
A tiny devil pulls itself out of the air.
You swap places.
The helpless rat fails to defend itself.
You impale the rat!!
You kill the rat!
You swap places.
Your cerulean imp hits the rat from afar with a -3 spear!
The rat dies!
No target in view!
No target in view!
Your cerulean imp disappears in a puff of smoke!
Found a dagger.
Found a sparkling altar of Nemelex Xobeh.
s - an emerald potion
Found a stone staircase leading up.
There is a stone staircase leading up here.
A bat comes into view.
A bat is nearby!
A bat is nearby!
A tiny devil pulls itself out of the air.
Your cerulean imp hits the bat from afar with a -3 spear.
You swap places.
The bat closely misses you. The bat barely misses you.
Your cerulean imp hits the bat from afar with a -3 spear.
You hit the bat.
You kill the bat!
No target in view!
Here: a cerulean imp, wielding a -3 spear (summoned, friendly)
The floor.
You swap places.
t - a viscous orange potion Could not explore, unopened door.
You open the door.
There is an open door here.
Could not explore, unopened door.
Could not explore, unopened door.
You open the door.
Key pressed, stopping explore.
Could not explore, unopened door.
You open the door.
Could not explore, unopened door.
You open the door.
There is an open door here.
A rat comes into view.
A rat is nearby!
A rat is nearby!
Your cerulean imp hits the rat from afar with a -3 spear.
The rat dies!
No target in view!
No target in view!
You now have 34 gold pieces (gained 4).
Found a stone staircase leading up.
There is a stone staircase leading up here.
Your cerulean imp disappears in a puff of smoke!
Found a sacrificial altar of Ru.
Could not explore, unopened door.
You open the door.
There is an open door here.
A rat comes into view.
A rat is nearby!
A rat is nearby!
A tiny devil pulls itself out of the air.
The rat misses you.
You barely miss the rat. You barely miss the rat.
Your cerulean imp barely misses the rat.
The rat bites you.
You hit the rat but do no damage. The rat misses you.
Your cerulean imp hits the rat with a -2 spear.
You closely miss the rat.
Your cerulean imp hits the rat but does no damage.
The rat closely misses you.
You hit the rat. The rat closely misses you.
Your cerulean imp barely misses the rat.
A rat is nearby!
You hit the rat but do no damage. You punch the rat.
You kill the rat!
No target in view!
You swap places.
Ijyb the Twisted Goblin comes into view.
She is wielding a +0 club, wearing a +3 leather armour of willpower and carrying a wand of roots (12).
You swap places.
You swap places.
The helpless Ijyb fails to defend herself.
You impale Ijyb!!
Your cerulean imp hits Ijyb but does no damage.
Ijyb barely misses you.
You barely miss Ijyb.
Your cerulean imp hits Ijyb but does no damage.
You miss Ijyb.
Ijyb zaps a wand.
The roots erupt in riotous growth!
The grasping roots grab you! Roots grab your cerulean imp.
Ijyb is unaffected.
The grasping roots constrict your cerulean imp.
The grasping roots constrict you.
Your cerulean imp barely misses Ijyb.
You barely miss Ijyb. Ijyb hits you with a +0 club.
The grasping roots constrict your cerulean imp.
The grasping roots constrict you.
* * * LOW HITPOINT WARNING * * *
Your cerulean imp barely misses Ijyb.
You escape the roots grasp.
The roots release their grip on your cerulean imp.
Your cerulean imp hits Ijyb but does no damage.
You closely miss Ijyb. Ijyb hits you with a +0 club.
* * * LOW HITPOINT WARNING * * *
Your cerulean imp closely misses Ijyb.
You hit Ijyb but do no damage. Ijyb hits you with a +0 club.
* * * LOW HITPOINT WARNING * * *
Your cerulean imp hits Ijyb but does no damage.
You hit Ijyb but do no damage. Ijyb hits you with a +0 club.
* * * LOW HITPOINT WARNING * * *
You hit Ijyb but do no damage.
Your cerulean imp barely misses Ijyb.
Ijyb misses you.
You hit Ijyb but do no damage.
Your cerulean imp hits Ijyb but does no damage.
Ijyb screams, "Me kill you!"
Ijyb zaps a wand.
The roots erupt in riotous growth!
The grasping roots grab you!
Ijyb is unaffected.
Roots grab your cerulean imp.
The grasping roots constrict your cerulean imp.
Your cerulean imp dies!
Your cerulean imp disappears in a puff of smoke!
The grasping roots constrict you.
You die...

'.........'...
#.........####
##.......## ##.....##
##...## #. ##'## #.
#.# ###.#####
#####.##### ........#
#........##. #.@g#
#.#......##.#####§#.#
#.#.................#
#.#...........###.###
......#..##.#.###.#
#.###.#.†##.......#
#.# #.#..####.#####
#.###.#.......#
#........######


You could see Ijyb.

Vanquished Creatures
  2 dart slugs
  5 ball pythons
  5 bats
  3 endoplasms
  3 giant cockroaches
  2 goblins
  A hobgoblin (D:1)
  3 jackals (D:1)
  3 quokkas
  2 kobolds
  7 rats
36 creatures vanquished.

Vanquished Creatures (collateral kills)
  2 dart slugs (D:2)
  2 ball pythons
  2 endoplasms (D:2)
  A giant cockroach (D:2)
  2 goblins
  A hobgoblin (D:2)
  3 jackals (D:1)
  3 kobolds
  A frilled lizard (D:2)
  3 rats
20 creatures vanquished.

Grand Total: 56 creatures vanquished

Notes
Turn   | Place    | Note
-------+----------+-------------------------------------------
     0 | D:1      | CryoSword the Kobold Summoner began the quest for the Orb.
     0 | D:1      | Reached XP level 1. HP: 10/10 MP: 3/3
   248 | D:1      | Reached skill level 1 in Short Blades
   248 | D:1      | Reached XP level 2. HP: 16/16 MP: 3/5
   309 | D:1      | Learned a level 2 spell: Call Imp
   504 | D:1      | Reached XP level 3. HP: 20/20 MP: 6/6
   508 | D:1      | Reached skill level 1 in Fighting
  1250 | D:2      | Learned a level 3 spell: Call Canine Familiar
  1587 | D:2      | Reached XP level 4. HP: 25/25 MP: 7/7
  1629 | D:2      | Found Bagege's Distillery.
  1641 | D:2      | Bought a potion of heal wounds for 70 gold pieces
  2082 | D:2      | Noticed a reaper
  2086 | D:2      | Found a faded altar of an unknown god.
  2555 | D:3      | Found a sparkling altar of Nemelex Xobeh.
  2700 | D:3      | Found a sacrificial altar of Ru.
  2778 | D:3      | Noticed Ijyb
  2792 | D:3      | Constricted to death by Ijyb

Illustrated notes

Levels and vault maps discovered:
D:1:      sevenhm_arrival_forest_fort_large_2, layout_basic
D:2:      layout_basic, serial_shops, shop_statue,
          dreamdust_ecumenical_altar_sealed_demon
D:3:      layout_loops_corners, overflow_temple_1_default,
          mainiacjoe_overflow_small_starburst, mainiacjoe_overflow_brackets,
          uniq_ijyb

Skill      XL: |  1  2  3  4 |
---------------+-------------+-----
Short Blades   | 1 2 |  2.6
Stealth        | 3 |  3.5
Fighting       | 1 |  1.4
Dodging        | 3 |  3.0
Spellcasting   | |  2.1
Summonings     | |  4.3

Action                     |  1- 3 |  4- 6 || total
---------------------------+-------+-------++-------
  Melee: Dagger            |    98 |    46 ||   144
         Unarmed           |     4 |       ||     4
         Club              |     3 |       ||     3
         Punch             |     1 |     1 ||     2
   Cast: Summon Small Mamm |    16 |     2 ||    18
         Call Imp          |    13 |    11 ||    24
   Stab: Sleeping          |    11 |     5 ||    16
         Distracted        |     1 |       ||     1
 Armour: Robe              |    34 |     2 ||    36
  Dodge: Dodged            |    93 |    24 ||   117

Table legend: (Time is in decaauts)
 A = Elapsed time spent in this place.
 B = Non-inter-level travel time spent in this place.
 C = Inter-level travel time spent in this place.
 D = Time resting spent in this place.
 E = Time spent auto-exploring this place.
 F = Levels seen in this place.
 G = Mean time per level.
                   A        B        C        D        E       F      G
               +--------+--------+--------+--------+--------+-----+--------+
         Total |   2778 |   2669 |    109 |     38 |   2163 |   3 |  926.0 |
       Dungeon |   2778 |   2669 |    109 |     38 |   2163 |   3 |  926.0 |
               +--------+--------+--------+--------+--------+-----+--------+

Top non-repeatable levels by time:
     D:2: 1137 daAuts
     D:1: 1117 daAuts
     D:3: 524 daAuts
